 Dungeon Crawl Stone Soup version 0.25-b1-41-g19641232cd (webtiles) character file.

Game seed: 10098871643932973134

331 Delamore the Cudgeler (level 6, -11/37 HPs)
             Began as a Gargoyle Fighter on June 8, 2020.
             Killed by divine providence
             ... invoked by an orc priest
              (17 damage)
             ... on level 4 of the Dungeon.
             The game lasted 00:03:10 (2661 turns).

Delamore the Cudgeler (Gargoyle Fighter)            Turns: 2661, Time: 00:03:11

Health: -11/37     AC: 14    Str: 21    XL:     6   Next: 52%
Magic:  6/6        EV:  7    Int:  9    God:
Gold:   167        SH:  9    Dex:  9    Spells: 5/5 levels left

rFire    . . .     SeeInvis .   a - +0 flail
rCold    . . .     Gourm    .   c - +0 kite shield
rNeg     + . .     Faith    .   b - +0 scale mail
rPois    ∞         Spirit   .   p - +2 hat
rElec    +         Reflect  .   (no cloak)
rCorr    .         Harm     .   g - +0 pair of gloves
MR       .....                  (no boots)
Stlth    ..........             (no amulet)
HPRegen  0.12/turn              (no ring)
MPRegen  0.10/turn              (no ring)

@: no status effects
A: negative energy resistance 1, electricity resistance, unbreathing,
petrification resistance, rot immunity, AC +4
a: no special abilities


You were on level 4 of the Dungeon.
You were not hungry.

You visited 1 branch of the dungeon, and saw 4 of its levels.

You collected 167 gold pieces.

Inventory:

Hand Weapons
 a - a +0 flail (weapon)
Missiles
 r - 2 javelins (quivered)
Armour
 b - a +0 scale mail (worn)
 c - a +0 kite shield (worn)
 g - a +0 pair of gloves (worn)
 h - a +0 plate armour
 p - a +2 hat (worn)
Wands
 s - a wand of digging (6)
Scrolls
 i - 4 scrolls of identify {unknown}
 k - a scroll of immolation {unknown}
 o - a scroll of fear {unknown}
Potions
 d - a potion of might
 j - 2 potions of mutation {unknown}
 l - 2 potions of berserk rage {unknown}
 n - 2 potions of magic {unknown}
 q - 2 potions of curing {unknown}
Comestibles
 f - 6 rations
 m - 2 chunks of flesh


   Skills:
 - Level 3.2 Fighting
 + Level 6.7 Maces & Flails
 - Level 3.2 Armour
 - Level 3.2 Shields


You had 5 spell levels left.
You didn't know any spells.
Your spell library was empty.

Dungeon Overview and Level Annotations

Branches:
Dungeon (4/15)
 Temple: D:4-7

Altars:
Kikubaaqudgha


Innate Abilities, Weirdness & Mutations

You are resistant to torment.
Your stone body is resilient. (AC +4)
You are immune to poison.
You resist negative energy. (rN+)
You are resistant to electric shocks. (rElec)
You can survive without breathing.
You are immune to petrification.
You are immune to rotting.


Message History

You kill the orc!
The orc priest struggles against the net.
The net rips apart, and the orc priest comes free!
The orc priest looks satisfied for a moment.
There is a stone staircase leading up, spattered with blood here.
Items here: )) [[ a +0 club; a +0 chain mail; a +0 club; a +0 ring mail The orc priest calls down the wrath of Beogh upon you.
Beogh smites you!
An orc priest comes into view. It is wielding a +0 spear.
The orc priest shouts!
The orc priest invokes the aid of Beogh against you.
Beogh smites you!
* * * LOW HITPOINT WARNING * * *
You see here a scroll labeled NOTUEL WADWA.
You hit the orc priest but do no damage.
You block the orc priest's attack.
The orc priest calls down the wrath of Beogh upon you.
Beogh smites you!
You die...

##?.## .... #.#
#..####
#.####$...?#
#....(.....#
##.##.......#####
##
##...#......o....#
.####.........<.@#
.!##..........(..#
#........†.####..#
..##.......####..#
.####...........o#
.# #....######...
.# #..### ##### %#
#..# . #..#


You could see 2 orc priests.

Vanquished Creatures
  A centaur (D:3)
  A scorpion (D:4)
  Terence (D:2)
  A worker ant (D:4)
  6 adders
  4 worms
  2 dart slugs
  4 leopard geckos
  3 orcs
  6 bats
  7 giant cockroaches
  4 goblins (D:2)
  11 hobgoblins
  7 jackals
  2 quokkas
  A ball python (D:3)
  6 frilled lizards
  13 kobolds
  5 rats
85 creatures vanquished.

Notes
Turn   | Place    | Note
-------+----------+-------------------------------------------
     0 | D:1      | Delamore the Gargoyle Fighter began the quest for the Orb.
     0 | D:1      | Reached XP level 1. HP: 14/14 MP: 1/1
    84 | D:1      | Reached XP level 2. HP: 19/19 MP: 2/2
   229 | D:1      | Reached skill level 3 in Maces & Flails
   513 | D:1      | Reached XP level 3. HP: 15/23 MP: 3/3
  1073 | D:2      | Noticed Terence
  1279 | D:1      | Reached skill level 4 in Maces & Flails
  1280 | D:1      | Reached XP level 4. HP: 27/28 MP: 4/4
  1307 | D:2      | Killed Terence
  1512 | D:2      | Reached skill level 5 in Maces & Flails
  1671 | D:2      | Reached XP level 5. HP: 32/32 MP: 5/5
  2241 | D:3      | Found an ancient bone altar of Kikubaaqudgha.
  2324 | D:3      | Noticed a centaur
  2333 | D:3      | Killed a centaur
  2333 | D:3      | Reached skill level 6 in Maces & Flails
  2333 | D:3      | Reached XP level 6. HP: 32/37 MP: 6/6
  2661 | D:4      | Killed from afar by an orc priest

Illustrated notes

Levels and vault maps discovered:
D:1:      dpeg_arrival_stone_temple_mockup, layout_basic
D:2:      layout_rooms, chequers_garden, uniq_terence
D:3:      layout_loops_ring, lemuel_coloured_pillars_altar, first_ration
D:4:      layout_loops_ring, ebering_ghost_reflecting_pool

Skill      XL: |  1  2  3  4  5 |
---------------+----------------+-----
Maces & Flails | 3 4 5 6 |  6.7
Fighting       | |  3.2
Armour         | |  3.2
Shields        | |  3.2

Action                   |  1- 3 |  4- 6 || total
-------------------------+-------+-------++-------
Melee: Flail             |   139 |   201 ||   340
Throw: Throwing net      |       |     2 ||     2
       Javelin           |       |     1 ||     1
  Eat: Chunk             |     1 |     5 ||     6
Armor: Scale mail        |   107 |   126 ||   233
Dodge: Dodged            |    65 |    62 ||   127
Block: Kite shield       |   112 |   113 ||   225
